 Dungeon Sprint DCSS version 0.30-a0-50-gb2d611f6b1 (webtiles) character file.

Game seed: 15995014681874064191

16 lesbiats the Ducker (level 2, -2/31 HPs)
             Began as a Troll Fighter on Sept 4, 2022.
             Slain by an iguana (7 damage)
             ... in the Dungeon (Sprint IX: "|||||||||||||||||||||||||||||").
             The game lasted 00:01:04 (141 turns).

lesbiats the Ducker (Troll Fighter)                  Turns: 141, Time: 00:01:04

Health: -2/31      AC:  4    Str: 23    XL:     2   Next: 41%
Magic:  1/1        EV:  9    Int:  4    God:
Gold:   0          SH:  7    Dex:  9    Spells: 1/1 levels left

rFire   . . .      SeeInvis .      - Unarmed
rCold   . . .      Faith    .    b - +0 kite shield
rNeg    . . .      Spirit   .    a - +0 robe
rPois   .          Reflect  .    (helmet restricted)
rElec   .          Harm     .    (no cloak)
rCorr   .          Rampage  .    (gloves unavailable)
Will    .....      NoTele   +    (boots unavailable)
Stlth   +.........               (no amulet)
HPRegen 0.90/turn                (no ring)
MPRegen 0.07/turn                (no ring)

@: no status effects
A: large, unfitting armour, claws 3, regeneration 1, shaggy fur 1, tough skin 1
a: no special abilities


You were in the Dungeon.
You visited 1 branch

Inventory:

Armour
 a - a +0 robe (worn)
 b - a +0 kite shield (worn)
Scrolls
 i - a scroll of blinking
Potions
 c - a potion of might
 d - a potion of curing
 e - a potion of heal wounds
 f - a potion of haste
 g - 2 potions of magic
 h - a potion of berserk rage


   Skills:
 + Level 3.4 Fighting
 * Level 4.1 Dodging
 - Level 2.6 Shields
 - Level 2.0 Unarmed Combat


You had one spell level left.
You didn't know any spells.
Your spell library was empty.

Dungeon Overview and Level Annotations

Branches:
Dungeon (1/1)

Altars:


Innate Abilities, Weirdness & Mutations

You are too large for most types of armour.
You have claws for hands.
Your natural rate of healing is unusually fast.
You are covered in fur. (AC +1)
You have tough skin. (AC +1)


Message History

You kill the dart slug!
Your Fighting skill increases to level 3!
You miss the adder. You block the adder's attack. x2
You miss the adder. The adder bites you.
You claw the adder!
You kill the adder!
Your Dodging skill increases to level 4!
You have reached level 2!
You closely miss the iguana. The iguana barely misses you.
You scratch the iguana but do no damage.
You block the iguana's attack.
You barely miss the iguana. The iguana bites you. The iguana bites you!
You claw the iguana!
The iguana is moderately wounded.
The iguana bites you. The iguana attacks as you move away!
The iguana bites you.
Items here: ( ) †††.
The iguana attacks as you move away!
The iguana bites you but does no damage.
There is an open door to the Dungeon here.
You see here a hobgoblin corpse.
There's a creature in the doorway!
You claw the iguana!
The iguana is almost dead.
The iguana bites you.
You closely miss the iguana.
The iguana is almost dead.
The iguana bites you!
* * * LOW HITPOINT WARNING * * *
You scratch the iguana but do no damage.
The iguana is almost dead.
The iguana bites you.
* * * LOW HITPOINT WARNING * * *
You barely miss the iguana.
The iguana is almost dead.
The iguana misses you.
You closely miss the iguana.
The iguana is almost dead.
The iguana bites you!
You die...

▓.▓
▓†▓
▓.▓
▓.▓
▓.▓
▓h▓
▓h▓
▓l▓
▓@▓
▓.▓
▓.▓
▓<▓
▓▓▓


You could see a black bear, an iguana and a hound.

Vanquished Creatures
  An adder (D)
  A dart slug (D)
  A hobgoblin (D)
  A jackal (D)
  A frilled lizard (D)
  A kobold (D)
  A rat (D)
7 creatures vanquished.

Notes
Turn   | Place    | Note
-------+----------+-------------------------------------------
     0 | D        | lesbiats the Troll Fighter began the quest for the Orb.
     0 | D        | Reached XP level 1. HP: 22/22 MP: 0/0
    10 | D        | Reached skill level 3 in Dodging
   122 | D        | Noticed a hound
   122 | D        | Noticed a black bear
   122 | D        | Noticed an iguana
   127 | D        | Reached skill level 4 in Dodging
   127 | D        | Reached XP level 2. HP: 29/31 MP: 1/1
   141 | D        | Slain by an iguana

Illustrated notes

Levels and vault maps discovered:
D:        linesprint [early_d, line_temple, items_1, d_10, items_2, lair_1,
          lair_end, items_3, orc_1, orc_end, items_4, d_15, swamp_1, shoals_1,
          snake_1, spider_1, d_20, vaults_1, items_5, swamp_end, shoals_end,
          snake_end, spider_end, vaults_end, d_27, items_6, zot_1, zot_end,
          crypt_end, forest_end, elf_end, slime_end, tomb_end, abyss_end,
          pan_hell_end]

Skill      XL: |  1 |
---------------+----+-----
Dodging        | 4 |  4.1
Fighting       | 3 |  3.4
Shields        | |  2.6
Unarmed Combat | |  2.0

Action                   || total
-------------------------++-------
Melee: Unarmed           ||    25
Armor: Robe              ||     3
Dodge: Dodged            ||     7
Block: Kite shield       ||     4

Table legend: (Time is in decaauts)
 A = Elapsed time spent in this place.
 B = Non-inter-level travel time spent in this place.
 C = Inter-level travel time spent in this place.
 D = Time resting spent in this place.
 E = Time spent auto-exploring this place.
 F = Levels seen in this place.
 G = Mean time per level.
                   A        B        C        D        E       F      G
               +--------+--------+--------+--------+--------+-----+--------+
         Total |    143 |    143 |      0 |    100 |      3 |   1 |  143.0 |
       Dungeon |    143 |    143 |      0 |    100 |      3 |   1 |  143.0 |
               +--------+--------+--------+--------+--------+-----+--------+

Top non-repeatable levels by time:
       D: 143 daAuts
